 Dungeon Crawl Stone Soup version 0.25.0-11-g1f837a76a1 (webtiles) character file.

Game seed: 7781088608213300539

(classic levelgen) 6529 EnegeticOcto the Cleaver (level 10, 0/94 HPs)
             Began as a Deep Dwarf Fighter on June 27, 2020.
             Slain by an acid blob (29 damage)
             ... created by the vengeance of Jiyva
             ... on level 9 of the Dungeon.
             The game lasted 00:07:54 (6136 turns).

EnegeticOcto the Cleaver (Deep Dwarf Fighter)       Turns: 6136, Time: 00:07:55

Health: 0/94       AC: -2    Str: 21    XL:     10   Next: 69%
Magic:  2/2        EV:  8    Int:  9    God:
Gold:   608        SH: 11    Dex: 12    Spells: 9/9 levels left

rFire    . . .     SeeInvis .   n - +2 hand axe (vorpal)
rCold    . . .     Gourm    .   c - +0 kite shield
rNeg     . . .     Faith    .   b - +0 scale mail
rPois    .         Spirit   .   (no helmet)
rElec    .         Reflect  .   (no cloak)
rCorr    .         Harm     .   (no gloves)
MR       +....                  (no boots)
Stlth    ..........             (no amulet)
HPRegen  0.00/turn              (no ring)
MPRegen  0.08/turn              (no ring)

@: lethally poisoned (0 -> 0), about to teleport, corroded, non-regenerating
A: damage resistance, heal wounds, blurry vision 1, deformed body, sense
surroundings 2, screaming 2, weak 1, no regeneration
a: Heal Wounds


You were on level 9 of the Dungeon.
You were not hungry.

You visited 1 branch of the dungeon, and saw 9 of its levels.
You also visited: Ossuary.

You collected 608 gold pieces.

Inventory:

Hand Weapons
 a - a +0 war axe
 n - a +2 vorpal hand axe (weapon)
Armour
 b - a +0 scale mail (worn)
 c - a +0 kite shield (worn)
Jewellery
 f - an uncursed ring of poison resistance {unknown}
Wands
 y - a wand of paralysis (1)
 H - a wand of clouds (1)
 I - a wand of flame (17) {@v4}
Scrolls
 g - a scroll of identify {@r1}
 i - 4 scrolls of enchant weapon {unknown}
 j - 2 scrolls of fear {!r}
 k - a scroll of blinking {@r4}
 l - 8 scrolls of remove curse {unknown}
 m - a scroll of fog {unknown}
 o - 3 scrolls of teleportation {@r3 !r}
 q - a scroll of noise {unknown}
 s - a scroll of magic mapping {unknown}
 u - a scroll of random uselessness {unknown}
 z - a scroll of enchant armour {unknown}
Potions
 d - 6 potions of stabbing {@q5 !q}
 h - 3 potions of haste {@q4 !q}
 p - a potion of resistance
 r - a potion of mutation
 t - 2 potions of flight
 v - 2 potions of curing {@q1 !q}
 w - 2 potions of degeneration
 x - 2 potions of heal wounds {@q2 !q}
 A - a potion of magic
 B - 2 potions of brilliance
 C - a potion of ambrosia
 D - a potion of cancellation
 E - a potion of lignification {@q6}
 F - 3 potions of might {@q3 !q}
Comestibles
 e - 22 rations
 G - 6 chunks of flesh


   Skills:
 + Level 7.4 Fighting
 + Level 11.0 Axes
 - Level 7.6 Armour
 - Level 7.7 Shields
 * Level 7.4 Evocations


You had 9 spell levels left.
You didn't know any spells.
Your spell library contained the following spells:

 Spells                   Type           Power        Failure   Level  Hunger
 Corona                   Hex            #......      94%         1    ##.....
 Ensorcelled Hibernation  Hex/Ice        #.....       98%         2    ###....
 Confusing Touch          Hex            #.......     100%        3    ####...
 Dazzling Flash           Conj/Hex       #.....       100%        3    ####...
 Tukima's Dance           Hex            #.......     100%        3    ####...


Dungeon Overview and Level Annotations

Branches:
Dungeon (9/15)             Temple (0/1) D:7         Ossuary (visited)
   Lair: D:8-11         Orc: D:9-12

Altars:
Ashenzari
Fedhas
Gozag
Okawaru
Qazlal
Uskayaw
Vehumet
Wu Jian
Xom
Zin
The Shining One
Jiyva

Shops:
D:8 *

Annotations:
D:5 1 runed translucent door, Crazy Yiuf


Innate Abilities, Weirdness & Mutations

You are resistant to damage.
You can heal yourself by infusing magical energy.
You passively map the area around you.
You do not regenerate.
Scrolls take you a little longer to read.
Armour fits poorly on your strangely shaped body.
You sometimes yell uncontrollably at your foes.
You are weak. (Str -2)


Message History

G - 5 chunks of flesh (gained 2)
Things that are here:
a +0 short sword; a +0 leather armour; an orc skeleton
Things that are here:
a +0 short sword; a +0 leather armour; an orc skeleton
Things that are here:
a +0 mace; a +0 plate armour; an orc corpse You begin reading the scroll.
You continue reading the scroll.
As you read the scroll labeled OJAMIGUGEG, it crumbles to dust.
It is a scroll of identify.
d - 6 potions of stabbing You begin reading the scroll.
You continue reading the scroll.
As you read the scroll of identify {@r1}, it crumbles to dust.
k - a scroll of blinking You begin reading the scroll.
You continue reading the scroll.
As you read the scroll of identify {@r1}, it crumbles to dust.
h - 3 potions of haste You begin reading the scroll.
You continue reading the scroll.
As you read the scroll of identify {@r1}, it crumbles to dust.
p - a potion of resistance You begin reading the scroll.
You continue reading the scroll.
As you read the scroll of identify {@r1}, it crumbles to dust.
r - a potion of mutation You begin reading the scroll.
You continue reading the scroll.
As you read the scroll of identify {@r1}, it crumbles to dust.
w - 2 potions of degeneration You begin reading the scroll.
You continue reading the scroll.
As you read the scroll of identify {@r1}, it crumbles to dust.
x - 3 potions of heal wounds You begin reading the scroll.
You continue reading the scroll.
As you read the scroll of identify {@r1}, it crumbles to dust.
t - 2 potions of flight You begin reading the scroll.
You continue reading the scroll.
As you read the scroll of identify {@r1}, it crumbles to dust.
A - a potion of magic You begin reading the scroll.
You continue reading the scroll.
As you read the scroll of identify {@r1}, it crumbles to dust.
B - 2 potions of brilliance You begin reading the scroll.
You continue reading the scroll.
As you read the scroll of identify {@r1}, it crumbles to dust.
D - a potion of cancellation You begin reading the scroll.
You continue reading the scroll.
As you read the scroll of identify {@r1}, it crumbles to dust.
E - a potion of lignification You butcher the orc corpse.
G - 6 chunks of flesh (gained 1)
Things that are here:
a +0 mace; a +0 plate armour; an orc skeleton
Things that are here:
a +0 mace; a +0 plate armour; an orc skeleton
Things that are here:
a +0 dagger; a +0 robe You open the door.
An adder comes into view.
The adder hisses angrily.
An adder is nearby!
An adder is nearby!
An adder is nearby!
There is an open door here.
The adder bites you.
You are poisoned.
The adder poisons you! The adder bites you but does no damage.
You hit the adder but do no damage. The adder barely misses you.
Some slimes ooze up out of the ground!
An acid blob, a slime creature and a shining eye come into view.
You yell at the acid blob!
You hit the adder.
The adder is heavily wounded.
The adder bites you but does no damage.
You slash the adder!
You kill the adder!
The acid blob spits acid at you. The splash of acid hits you!
The acid corrodes you!
You are splashed with acid!
You are too injured to fight recklessly!
You are too injured to fight recklessly!
You are too injured to fight recklessly!
You are too injured to fight recklessly!
You are too injured to fight recklessly!
You are too injured to fight recklessly!
There are monsters nearby!
There are monsters nearby!
You close the door.
You hear a slurping noise.
The acid blob eats the door!
Really read
o - 4 scrolls of teleportation {@r3 !r}?
Really read with blurry vision while enemies are nearby?
You begin reading the scroll.
You continue reading the scroll.
The acid blob spits acid at you. The splash of acid hits you!
The acid corrodes you!
You are splashed with acid!
* * * LOW HITPOINT WARNING * * *
The acid blob hits you!
* * * LOW HITPOINT WARNING * * *
You are splashed with acid!
* * * LOW HITPOINT WARNING * * *
As you read the scroll of teleportation {@r3 !r}, it crumbles to dust.
You feel strangely unstable.
Okay, then.
Really quaff
x - 3 potions of heal wounds {@q2 !q}?
You feel much better. The acid blob hits you!!
You die...

, , , ,, ,#........#
#.###.# **** **
##......####..รท..# ***
######.# #...)... ,,*
##'###.###### *
##.).##.* # * , *
##.))..#.# #### * ##
##........# #... , **
.#...####G........###...
,
.......@JJ........'.<...
.#...####........<###...
* ,## * ##..............
, * ##.....#####... *
##...## #... #+## #... *
##.. * .. * , *


You could see an acid blob, a slime creature and a shining eye.

Vanquished Creatures
  An unseen horror (D:6)
  Pikel (D:4)
  A cyclops (D:8)
  A shining eye (D:6)
  Maggie (D:8)
  Sigmund (D:2)
  A spriggan (D:7)
  A hungry ghost (D:7)
  Menkaure (D:7)
  A black bear (D:6)
  7 orc warriors
  Purgy (D:3)
  2 ice beasts
  Duvessa (D:4)
  A slave (D:4)
  3 ogres
  2 phantoms
  4 centaurs
  Blork the orc (D:5)
  A gnoll sergeant (D:8)
  5 bullfrogs
  A wyvern zombie (D:8)
  A wyvern skeleton (D:7)
  Dowan (D:4)
  2 scorpions
  4 wights (D:8)
  5 crimson imps
  A hound (D:8)
  6 orc priests
  4 jellies
  13 orc wizards
  2 iguanas
  Terence (D:2)
  3 worker ants
  A hound zombie (D:7)
  A hound skeleton (D:7)
  8 mummies (Ossuary)
  A howler monkey zombie (D:5)
  11 adders
  4 gnolls (D:8)
  A shadow imp (D:5)
  2 oozes
  A worm (D:5)
  3 dart slugs
  7 leopard geckos
  38 orcs
  7 bats
  7 giant cockroaches
  8 goblins
  8 hobgoblins
  4 jackals (D:3)
  7 kobolds
  3 quokkas
  3 ball pythons
  5 frilled lizards
  2 gnoll zombies (Ossuary)
  A hobgoblin zombie (Ossuary)
  4 kobold zombies (Ossuary)
  An orc zombie (Ossuary)
  A quokka zombie (D:7)
  15 rats
236 creatures vanquished.

Vanquished Creatures (others)
  Grinder (D:4)
  A scorpion (D:4)
  A statue (D:4)
3 creatures vanquished.

Grand Total: 239 creatures vanquished

Notes
Turn   | Place    | Note
-------+----------+-------------------------------------------
     0 | D:1      | EnegeticOcto the Deep Dwarf Fighter began the quest for the
                  | Orb.
     0 | D:1      | Reached XP level 1. HP: 20/20 MP: 1/1
   202 | D:2      | Noticed Sigmund
   209 | D:2      | Reached XP level 2. HP: 21/27 MP: 2/2
   219 | D:2      | Killed Sigmund
   219 | D:2      | Reached skill level 3 in Fighting
   219 | D:2      | Reached skill level 4 in Axes
   219 | D:2      | Reached skill level 4 in Armour
   219 | D:2      | Reached skill level 4 in Shields
   219 | D:2      | Reached XP level 3. HP: 12/34 MP: 3/3
   219 | D:2      | Reached XP level 4. HP: 14/42 MP: 4/4
   219 | D:2      | Reached XP level 5. HP: 17/49 MP: 5/5
   235 | D:2      | Found a faded altar of an unknown god.
   243 | D:2      | Became a worshipper of Jiyva Jiocuo the Shapeless
   243 | D:2      | Reached * piety under Jiyva
   244 | D:2      | Fell from the grace of Jiyva
  1208 | D:2      | Noticed Terence
  1225 | D:2      | Killed Terence
  1415 | D:2      | Found a glowing golden altar of the Shining One.
  1417 | D:2      | Found a blossoming altar of Fedhas.
  1419 | D:2      | Found a stormy altar of Qazlal.
  1430 | D:2      | Found an iron altar of Okawaru.
  1433 | D:2      | Found a shimmering altar of Xom.
  1642 | D:3      | Reached XP level 6. HP: 54/56 MP: 6/6
  1753 | D:3      | Found a glowing silver altar of Zin.
  1786 | D:3      | Reached skill level 5 in Axes
  1922 | D:3      | Noticed Purgy
  1934 | D:3      | Killed Purgy
  2076 | D:3      | Reached skill level 4 in Fighting
  2307 | D:4      | Reached XP level 7. HP: 64/64 MP: 7/7
  2349 | D:4      | Reached skill level 5 in Shields
  2375 | D:4      | Found a shattered altar of Ashenzari.
  2425 | D:4      | Reached skill level 6 in Axes
  2425 | D:4      | Reached skill level 5 in Armour
  2506 | D:4      | Noticed Duvessa
  2506 | D:4      | Noticed Dowan
  2521 | D:4      | Killed Dowan
  2521 | D:4      | Killed Duvessa
  2657 | D:4      | Your magical essence is drained by the effort!
  2709 | D:4      | Noticed Pikel
  2709 | D:4      | Noticed Grinder
  2732 | D:4      | Killed Pikel
  2732 | D:4      | Reached skill level 7 in Axes
  2732 | D:4      | Reached XP level 8. HP: 56/73 MP: 7/7
  2742 | D:4      | Killed Grinder
  2742 | D:4      | Reached skill level 5 in Fighting
  2742 | D:4      | Reached skill level 6 in Armour
  2742 | D:4      | Reached skill level 6 in Shields
  2820 | D:4      | Found a radiant altar of Vehumet.
  2886 | D:5      | Entered Level 5 of the Dungeon
  2904 | D:5      | Reached skill level 8 in Axes
  3021 | D:5      | Noticed Blork the orc
  3022 | D:5      | Your magical essence is drained by the effort!
  3033 | D:5      | Killed Blork the orc
  3128 | D:5      | Gained mutation: You passively map the area around you.
                  | [Deep Dwarf growth]
  3128 | D:5      | Reached XP level 9. HP: 65/81 MP: 7/7
  3343 | D:5      | Found a runed translucent door.
  3344 | D:5      | Noticed Crazy Yiuf
  3473 | D:5      | Found an opulent altar of Gozag.
  3553 | D:5      | Found an ornate altar of the Wu Jian Council.
  3652 | D:5      | Gained mutation: You occasionally shout uncontrollably at
                  | your foes. [the vengeance of Jiyva]
  3652 | D:5      | Gained mutation: You are weak. (Str -2) [the vengeance of
                  | Jiyva]
  3652 | D:5      | Gained mutation: You sometimes yell uncontrollably at your
                  | foes. [the vengeance of Jiyva]
  3813 | D:6      | Your magical essence is drained by the effort!
  3826 | D:6      | Reached skill level 9 in Axes
  3888 | D:6      | Reached skill level 7 in Shields
  3905 | D:6      | Your magical essence is drained by the effort!
  3915 | D:6      | Your magical essence is drained by the effort!
  3939 | D:6      | Reached skill level 7 in Armour
  4100 | D:6      | Reached skill level 6 in Fighting
  4157 | D:6      | Noticed a shining eye
  4163 | D:6      | Gained mutation: Scrolls take you a little longer to read.
                  | [a shining eye]
  4167 | D:6      | Gained mutation: Armour fits poorly on your strangely
                  | shaped body. [a shining eye]
  4170 | D:6      | Killed a shining eye
  4185 | D:6      | Your magical essence is drained by the effort!
  4203 | D:6      | Killed an unseen horror
  4208 | D:6      | Your magical essence is drained by the effort!
  4253 | D:6      | Reached skill level 10 in Axes
  4624 | D:7      | Reached skill level 1 in Evocations
  4687 | D:7      | Reached skill level 2 in Evocations
  4687 | D:7      | Reached XP level 10. HP: 56/92 MP: 2/4
  4721 | D:7      | Found a staircase to the Ecumenical Temple.
  4725 | D:7      | Noticed Menkaure
  4736 | D:7      | Killed Menkaure
  4796 | D:7      | Reached skill level 3 in Evocations
  4836 | D:7      | Your magical essence is drained by the effort!
  4848 | D:7      | Found a sand-covered staircase.
  4859 | Ossuary  | Entered an ossuary
  5153 | D:7      | Reached skill level 4 in Evocations
  5350 | D:8      | Noticed Maggie
  5360 | D:8      | Killed Maggie
  5382 | D:8      | Found a hide-covered altar of Uskayaw.
  5420 | D:8      | Reached skill level 5 in Evocations
  5458 | D:8      | Reached skill level 7 in Fighting
  5486 | D:8      | Identified the ring "Ovouroh" {*Tele +Fly SInv}
  5487 | D:8      | Noticed a two-headed ogre
  5487 | D:8      | Noticed a cyclops
  5535 | D:8      | Noticed a cyclops
  5553 | D:8      | Killed a cyclops
  5553 | D:8      | Reached skill level 6 in Evocations
  5575 | D:8      | Your magical essence is drained by the effort!
  5673 | D:8      | Found Cocs's Assorted Antiques.
  5742 | D:8      | Your magical essence is drained by the effort!
  5743 | D:8      | Your magical essence is drained by the effort!
  5749 | D:8      | Reached skill level 7 in Evocations
  5753 | D:8      | Your magical essence is drained by the effort!
  5975 | D:8      | Noticed a glowing orange brain
  5975 | D:8      | Noticed an acid blob
  5984 | D:8      | Your magical essence is drained by the effort!
  6094 | D:9      | Reached skill level 11 in Axes
  6131 | D:9      | Noticed an acid blob
  6131 | D:9      | Noticed a shining eye
  6136 | D:9      | Slain by an acid blob

Illustrated notes

Levels and vault maps discovered:
D:1:      minmay_arrival_plants_in_alcoves, layout_basic
D:2:      layout_loops_ring, minmay_overflow_temple_star_hex, first_ration,
          chequers_ecumenical_altar_simple, uniq_terence, uniq_sigmund
D:3:      layout_basic, zin_academy, kennysheep_generic_room_10, uniq_purgy
D:4:      layout_rooms, evilmike_ruin_ashenzari, vehumet_statue, uniq_pikel,
          uniq_duvessa, uniq_grinder
D:5:      layout_basic, lemuel_coloured_pillars_altar, kennysheep_little_box,
          uniq_crazy_yiuf_cottage, uniq_blork_the_orc
D:6:      layout_basic
D:7:      layout_cave_pools, minmay_temple_entry_glassed_door,
          nicolae_ossuary_entry_ruins, the_bakery, uniq_menkaure
D:8:      layout_loops_ring, nicolae_overflow_crystal_walls, serial_shops,
          nicolae_shop_overgrown_old_shop, minivault_12, uniq_maggie
D:9:      layout_loops_corners, old_standard_altar, erik_lair_island

Skill      XL: |  1  2  3  4  5  6  7  8  9 10 |
---------------+-------------------------------+-----
Fighting       | 3 4 5 6 7 |  7.4
Axes           | 4 5 7 8 10 11 | 11.0
Armour         | 4 5 6 7 |  7.6
Shields        | 4 5 6 7 |  7.7
Evocations     | 2 7 |  7.4

Action                   |  1- 3 |  4- 6 |  7- 9 | 10-12 || total
-------------------------+-------+-------+-------+-------++-------
Melee: War axe           |    26 |   102 |       |       ||   128
       Hand axe          |       |   132 |   408 |   248 ||   788
       Unarmed           |       |     3 |     4 |       ||     7
Invok: Renounce Religion |       |     1 |       |       ||     1
 Abil: Heal Wounds       |     1 |     7 |    31 |    23 ||    62
Evoke: Wand              |       |       |       |     8 ||     8
  Use: Potion            |       |       |     2 |     3 ||     5
       Scroll            |       |       |       |    15 ||    15
 Stab: Paralysed         |       |       |       |    10 ||    10
  Eat: Chunk             |       |     5 |     8 |     3 ||    16
       Ration            |       |       |       |     1 ||     1
Armor: Scale mail        |    14 |    98 |    81 |    17 ||   210
Dodge: Dodged            |     6 |    64 |    94 |    51 ||   215
Block: Kite shield       |    18 |   141 |   198 |   114 ||   471
